 Dungeon Sprint DCSS version 0.22-a0-460-g49b1da7 (webtiles) character file.

18 emperorscorpion the Sneak (level 2, 0/22 HPs)
             Began as a Vine Stalker Assassin on June 9, 2018.
             Slain by a gnoll (5 damage)
             ... in the Dungeon (Sprint IX: "|||||||||||||||||||||||||||||").
             The game lasted 00:00:12 (32 turns).

emperorscorpion the Sneak (Vine Stalker Assassin)     Turns: 32, Time: 00:00:12

Health: 0/22       AC:  3    Str: 18    XL:     2   Next: 66%
Magic:  0/3        EV: 11    Int: 11    God:
Gold:   0          SH:  0    Dex: 15    Spells: 1/1 levels left

rFire    . . .     SeeInvis .   a - +2 dagger
rCold    . . .     Gourm    .   (no shield)
rNeg     . . .     Faith    .   c - +0 robe
rPois    .         Spirit   +   (no helmet)
rElec    .         Reflect  .   d - +0 cloak
rCorr    .         Harm     .   (no gloves)
MR       .....     NoTele   +   (no boots)
Stlth    ..........             (no amulet)
HPRegen  0.07/turn              (no ring)
MPRegen  0.08/turn              (no ring)

@: berserking (expiring), slowed
A: fangs 2, magic shield, antimagic bite, no potion heal 3, rot immunity
a: no special abilities


You were in the Dungeon.
You were not hungry.

You visited 1 branch

Inventory:

Hand Weapons
 a - a +2 dagger (weapon)
 b - a +0 blowgun
Missiles
 e - 8 poisoned needles
 f - 2 curare-tipped needles
Armour
 c - a +0 robe (worn)
 d - a +0 cloak (worn)
Scrolls
 m - a scroll of blinking
Potions
 h - a potion of curing
 i - a potion of heal wounds
 j - a potion of haste
 k - 2 potions of magic
Comestibles
 g - a ration


   Skills:
 + Level 2.1 Fighting
 + Level 2.5 Short Blades
 + Level 2.3 Throwing
 + Level 0.8 Dodging
 + Level 7.2 Stealth


You had one spell level left.
You didn't know any spells.
Your spell library was empty.

Dungeon Overview and Level Annotations

Branches:
Dungeon (1/1)

Altars:


Innate Abilities, Weirdness & Mutations

You have extremely sharp teeth.
When hurt, damage is shared between your health and your magic reserves.
Your bite disrupts and absorbs the magic of your enemies.
Potions cannot restore your health.
You are immune to rotting.


Message History

You puncture the adder!
You kill the adder!
Your Stealth skill increases to level 7!
The orc wizard gestures at you while chanting.
You feel yourself slow down.
The crimson imp blinks!
The gnoll hits you.
* * * LOW HITPOINT WARNING * * *
You hit the gnoll.
The gnoll is heavily wounded.
The crimson imp closely misses you. The gnoll misses you.
You closely miss the gnoll. Your bite misses the gnoll.
The gnoll is heavily wounded.
The crimson imp hits you but does no damage.
The gnoll barely misses you.
You barely miss the gnoll. Your bite misses the gnoll.
The gnoll is heavily wounded.
The crimson imp blinks!
You barely miss the gnoll. Your bite misses the gnoll.
The gnoll is heavily wounded.
The gnoll hits you!
You die...

▓.▓
▓†▓
▓)▓
▓.▓
▓.▓
▓5▓
▓o▓
▓§▓
▓@▓
▓g▓
▓.▓
▓.▓
▓.▓
▓+▓


You could see an orc wizard, a gnoll and a crimson imp.

Vanquished Creatures
  An adder (D)
  An ooze (D)
  A goblin (D)
  2 bats (D)
  2 frilled lizards (D)
7 creatures vanquished.

Notes
Turn   | Place    | Note
-------+----------+-------------------------------------------
     0 | D        | emperorscorpion the Vine Stalker Assassin began the quest for the Orb.
     0 | D        | Reached XP level 1. HP: 11/11 MP: 2/2
     5 | D        | Reached skill level 5 in Stealth
    20 | D        | Noticed a crimson imp
    20 | D        | Noticed an orc wizard
    24 | D        | Reached skill level 6 in Stealth
    24 | D        | Reached XP level 2. HP: 13/15 MP: 3/3
    27 | D        | Reached skill level 7 in Stealth
    32 | D        | Slain by a gnoll

Vault maps used:
D:        linesprint

Skill      XL: |  1  2 |
---------------+-------+-----
Stealth        | 6 7 |  7.2
Throwing       | 2 |  2.3
Short Blades   | 2 |  2.5
Fighting       | 2 |  2.1
Dodging        | |  0.8

Action                   || total
-------------------------++-------
Melee: Dagger            ||    19
       Bite              ||     3
  Use: Potion            ||     1
Armor: Robe              ||     2
Dodge: Dodged            ||     6

Table legend:
 A = Spawn XP
 B = Non-spawn XP
 C = Spawn XP percentage of total XP
 D = Spawn monster count
 E = Non-spawn monster count
 F = Spawn count percentage of total count
 G = Total turns spent on level
                    A         B        C        D         E        F      G
               +---------+---------+-------+---------+---------+-------+---------
         Total |       0 |      26 |   0.0 |       0 |       7 |   0.0 |    32
               +---------+---------+-------+---------+---------+-------+---------
             D |       0 |      26 |   0.0 |       0 |       7 |   0.0 |    32
               +---------+---------+-------+---------+---------+-------+---------
